 Dungeon Crawl Stone Soup version 0.29.1-12-g30fa7ad0bf (webtiles) character file.

Game seed: 11540223623098467089

1209 hawla the Chiller (level 9, -4/62 (67) HPs)
             Began as a Meteoran Ice Elementalist on Dec 15, 2022.
             Slain by a wight
             ... wielding a +2 morningstar
              (10 damage)
             ... on level 6 of the Dungeon.
             The game lasted 00:07:43 (1674 turns).

hawla the Chiller (Meteoran Ice Elementalist)       Turns: 1674, Time: 00:07:44

HP:   -4/62 (67)    AC:  5    Str: 11    XL:     9   Next: 3%
MP:   17/19         EV: 13    Int: 22    God:
Gold: 138           SH:  0    Dex: 19    Spells: 13/21 levels left

rFire   x . .      SeeInvis .   m - +4 quarterstaff (chaos)
rCold   + . .      Faith    .   (shield currently unavailable)
rNeg    . . .      Spirit   .   a - +1 robe
rPois   .          Reflect  .   (no helmet)
rElec   .          Harm     .   d - +0 cloak
rCorr   .          Rampage  .   (no gloves)
Will    +....                   n - +0 pair of boots of the Engineer {Int+2 Dex+4}
Stlth   +.........              (no amulet)
HPRegen 0.20/turn               f - ring of ice
MPRegen 0.16/turn               (no ring)

@: mighty, freezing walls, glowing, drained
A: sense surroundings 2, otherworldly, glowing, explore regen
a: no special abilities


You were on level 6 of the Dungeon.
You visited 1 branch of the dungeon, and saw 6 of its levels.

You collected 138 gold pieces.

Inventory:

Hand Weapons
 m - a +4 quarterstaff of chaos (weapon)
Armour
 a - a +1 robe (worn)
 d - a +0 cloak (worn)
 n - the +0 pair of boots of the Engineer (worn) {Int+2 Dex+4}
   (You found it on level 6 of the Dungeon)

   Int:       It affects your intelligence (+2).
   Dex:       It affects your dexterity (+4).
Jewellery
 f - a ring of ice (left hand)
Scrolls
 g - a scroll of silence {unknown}
 h - 3 scrolls of identify
 o - a scroll of magic mapping {unknown}
Potions
 b - a potion of magic
 c - 3 potions of might
 e - a potion of haste
 i - 2 potions of curing {unknown}
 j - 3 potions of flight {unknown}
 k - a potion of mutation {unknown}
 l - a potion of heal wounds {unknown}
 p - a potion of degeneration {unknown}


   Skills:
 + Level 2.1 Fighting
 + Level 2.8 Staves
 + Level 3.4 Dodging
 - Level 1.4 Stealth
 + Level 6.5 Spellcasting
 + Level 6.4 Conjurations
 + Level 7.0 Ice Magic


You had 13 spell levels left.
You knew the following spells:

 Your Spells              Type           Power      Damage    Failure   Level
a - Freeze                Ice            100%       1d11      1%          1
b - Frozen Ramparts       Ice            100%       1d16      1%          3
c - Hailstorm             Conj/Ice       53%        3d12      5%          4

Your spell library contained the following spells:

 Spells                   Type           Power      Damage    Failure   Level
 Ozocubu's Armour         Ice            55%        N/A       1%          3


Dungeon Overview and Level Annotations

Branches:
Dungeon (6/15) Zot: 1918
 Temple: D:4-7

Altars:
Gozag


Innate Abilities, Weirdness & Mutations

You passively map the area around you.
You are easily found by Zot.
You glow in the dark.
You regain HP and MP as you explore.


Message History

You barely miss the wight.
The wight is lightly damaged.
The wight completely resists.
The wall freezes the wight but does no damage.
The wight hits you with a +0 mace!
You hit the wight but do no damage.
The wight easily resists.
The wight is lightly damaged.
The wight completely resists.
The wall freezes the wight but does no damage.
The wight closely misses you.
The wall freezes the wight but does no damage.
The wight hits you with a +2 morningstar!
You feel drained.
You feel more attuned to ice.
f - a ring of ice (left hand)
The wight completely resists.
The wall freezes the wight but does no damage.
The wight hits you with a +0 mace!
The wight resists.
The wall freezes the wight.
The wight hits you with a +2 morningstar.
You feel drained.
You hit the wight. You burn the wight.
The wight is lightly damaged.
The wight resists.
The wall freezes the wight.
The wight hits you with a +0 mace!
You feel drained.
The wight resists.
The wall freezes the wight.
The wight closely misses you.
You hit the wight.
The wight is heavily damaged.
The wight resists.
The wall freezes the wight.
The wight hits you with a +0 mace!
* * * LOW HITPOINT WARNING * * *
The wight resists.
The wall freezes the wight.
The wight hits you with a +2 morningstar!
* * * LOW HITPOINT WARNING * * *
It was a potion of might.
You feel very mighty all of a sudden.
The wight resists.
The wall freezes the wight.
The wight closely misses you.
The wight resists.
The wall freezes the wight.
The wight hits you with a +2 morningstar!
You die...

, ,...
#...........##...... ,
...##..........##.......
,,
,.....#..........#.......
, ,,
*#..#.......#..#.....##
*,*,
#........###..###..... *
#........##..# #...## * *
, #............##....## ,
#..zz.####..........# *
,.....#.@## ...........
** #...S##..# ,.#.....#.#
###. ...# * *#.##.....
,,, # ...## #. ....## ,
**, ,..#.) *,, . .... *#
*** .#.#.. , , * #.. , ,*
#.#...., , , #... * _ ,
.,# ...# ##.# , , , , ,
,#<.


You could see 2 wights.

Vanquished Creatures
  Sigmund (D:4)
  Menkaure (D:6)
  A black bear (D:4)
  A centaur (D:5)
  A phantom (D:5)
  A kobold brigand (D:5)
  5 scorpions
  Crazy Yiuf (D:5)
  3 hounds (D:4)
  An iguana (D:5)
  3 orc wizards (D:6)
  2 adders
  A shadow imp (D:5)
  2 white imps
  6 dart slugs
  6 orcs
  3 ball pythons
  A bat (D:1)
  4 endoplasms
  A giant cockroach (D:4)
  3 goblins
  2 hobgoblins
  2 jackals (D:3)
  A quokka (D:3)
  3 frilled lizards
  5 kobolds
61 creatures vanquished.

Notes
Turn   | Place    | Note
-------+----------+-------------------------------------------
     0 | D:1      | hawla the Meteoran Ice Elementalist began the quest for the
                  | Orb.
     0 | D:1      | Reached XP level 1. HP: 14/14 MP: 5/5
   145 | D:1      | Reached XP level 2. HP: 20/20 MP: 4/6
   240 | D:2      | Reached skill level 5 in Ice Magic
   240 | D:2      | Reached XP level 3. HP: 23/26 MP: 6/8
   244 | D:2      | Learned a level 3 spell: Frozen Ramparts
   310 | D:4      | Noticed Sigmund
   317 | D:4      | Killed Sigmund
   318 | D:4      | Reached skill level 1 in Staves
   318 | D:4      | Reached skill level 6 in Ice Magic
   318 | D:4      | Reached XP level 4. HP: 24/34 MP: 2/11
   318 | D:4      | Reached XP level 5. HP: 27/39 MP: 2/13
   318 | D:4      | Reached XP level 6. HP: 32/46 MP: 2/14
   323 | D:4      | Learned a level 4 spell: Hailstorm
   350 | D:4      | Reached skill level 1 in Conjurations
   359 | D:4      | Noticed a black bear
   365 | D:4      | Killed a black bear
   366 | D:4      | Reached XP level 7. HP: 38/51 MP: 2/15
   482 | D:4      | Reached skill level 5 in Conjurations
   499 | D:5      | Entered Level 5 of the Dungeon
   612 | D:4      | Found an opulent altar of Gozag.
   975 | D:5      | Reached skill level 5 in Spellcasting
   975 | D:5      | Reached XP level 8. HP: 58/58 MP: 5/16
  1002 | D:5      | Reached skill level 1 in Fighting
  1288 | D:5      | Found a runed translucent door.
  1289 | D:5      | Noticed Crazy Yiuf
  1294 | D:5      | Killed Crazy Yiuf
  1559 | D:6      | Identified the +0 pair of boots of the Engineer {Int+2
                  | Dex+4}
  1584 | D:6      | Noticed Menkaure
  1595 | D:6      | Killed Menkaure
  1596 | D:6      | Reached skill level 7 in Ice Magic
  1596 | D:6      | Gained mutation: You passively map the area around you.
                  | [Meteoran growth]
  1596 | D:6      | Reached XP level 9. HP: 56/67 MP: 4/19
  1674 | D:6      | Slain by a wight

Illustrated notes

Levels and vault maps discovered:
D:1:      minmay_arrival_doors, layout_loops_ring
D:2:      layout_loops_corners, serial_shops, nicolae_shop_crystal,
          dilly_ecumenical_altar_fadedgnrine, minmay_misc_feat_plants,
          chequers_jeans, uniq_terence
D:3:      layout_basic, chequers_temple_overflow_statue_of_worship,
          serial_shops, nicolae_shop_bloodbath_and_beyond,
          nicolae_shop_hallway_stairs, shop, st_stairs_11, serial_bayou_pond_e
D:4:      nicolae_cairo_tiling_large_dashed, layout_cave_pools,
          grunt_gozag_breadcrumbs, uniq_sigmund
D:5:      layout_cave_pods, uniq_crazy_yiuf_cottage
D:6:      layout_cave_pools, mainiacjoe_overflow_catch_the_wave,
          gammafunk_ghost_smash, uniq_menkaure, uniq_grinder, uniq_edmund

Skill      XL: |  1  2  3  4  5  6  7  8 |
---------------+-------------------------+-----
Ice Magic      | 5 6 7 |  7.0
Spellcasting   | 4 5 6 |  6.5
Staves         | 1 2 |  2.8
Conjurations   | 4 6 |  6.4
Fighting       | 2 |  2.1
Dodging        | 3 |  3.4
Stealth        | |  1.4

Action                   |  1- 3 |  4- 6 |  7- 9 || total
-------------------------+-------+-------+-------++-------
Melee: Quarterstaff      |     4 |       |    30 ||    34
       Unarmed           |     4 |       |       ||     4
 Cast: Freeze            |    21 |     6 |    14 ||    41
       Frozen Ramparts   |     3 |     2 |    15 ||    20
       Hailstorm         |       |     1 |    10 ||    11
  Use: Scroll            |       |       |     6 ||     6
       Potion            |       |       |     1 ||     1
Armor: Robe              |     5 |     3 |     5 ||    13
Dodge: Dodged            |    13 |     3 |    27 ||    43
